 Dungeon Crawl Stone Soup version 0.26-a0-663-g36e8fdb655 (webtiles) character file.

Game seed: 11267085444031996549

13 elmdor the Sneak (level 2, 0/26 HPs)
             Began as a Minotaur Delver on Oct 10, 2020.
             Slain by a leopard gecko (5 damage)
             ... on level 4 of the Dungeon.
             The game lasted 00:00:46 (138 turns).

elmdor the Sneak (Minotaur Delver)                   Turns: 138, Time: 00:00:46

Health: 0/26       AC:  3    Str: 16    XL:     2   Next: 24%
Magic:  1/1        EV: 12    Int:  7    God:
Gold:   16         SH:  0    Dex: 11    Spells: 1/1 levels left

rFire    . . .     SeeInvis .   a - +0 hand axe
rCold    . . .     Faith    .   (no shield)
rNeg     . . .     Spirit   .   b - +0 leather armour
rPois    .         Reflect  .   (helmet restricted)
rElec    .         Harm     .   (no cloak)
rCorr    .         Rampage  .   (no gloves)
MR       .....                  (no boots)
Stlth    ++........             (no amulet)
HPRegen  0.08/turn              (no ring)
MPRegen  0.07/turn              (no ring)

@: hasted, very quick
A: retaliatory headbutt, horns 2
a: no special abilities


You were on level 4 of the Dungeon.
You visited 1 branch of the dungeon, and saw 2 of its levels.

You collected 16 gold pieces.

Inventory:

Hand Weapons
 a - a +0 hand axe (weapon)
Armour
 b - a +0 leather armour (worn)
Wands
 g - a wand of digging (3)
Scrolls
 c - a scroll of fog
 e - a scroll of fear
 h - a scroll of enchant weapon {unknown}


   Skills:
 - Level 3.6 Fighting
 + Level 3.6 Axes
 - Level 2.1 Dodging
 - Level 4.1 Stealth


You had one spell level left.
You didn't know any spells.
Your spell library was empty.

Dungeon Overview and Level Annotations

Branches:
Dungeon (5/15)             Temple (0/1) D:4

Altars:


Innate Abilities, Weirdness & Mutations

You reflexively headbutt those who attack you in melee.
You have a pair of horns on your head.


Message History

You kill the giant cockroach!
The orc wizard hits you but does no damage.
An orc comes into view. It is wielding a +0 club.
You hear some strange, mumbled words.
A magic dart appears from out of thin air!
The magic dart hits you!
You closely miss the orc wizard. You headbutt the orc wizard.
The orc wizard is severely wounded.
You hit something. You hit the leopard gecko. The leopard gecko misses you.
The orc wizard closely misses you. Something hits you.
* * * LOW HITPOINT WARNING * * *
The leopard gecko closely misses you.
An orc wizard comes into view. It is wielding a +0 dagger.
Unknown command.
Unknown command.
You feel yourself speed up.
The orc wizard hits you with a +0 dagger.
* * * LOW HITPOINT WARNING * * *
The leopard gecko bites you.
You die...

,* ***,,**,,,*,**,,,,,,,* *,* ,*
*,**,,***,*,,**,*,^,,* *,* ,*
*,***,,,,,*,,*,*,,,>,* *,* ,* *,*
*##*,,,,,**,#.,,,* *,* ,* *,*
#.###**,##...,,,***,* ,* *,*
#...# *.....,,,,,,*,* **
*.####...###..#*,*,,,*,*,* **
*.........ol..#...,,,,,,,* ,*
*****#....@{l...#****,,,,** ,**
#..####Bl#o# **,,,,,,*
,,*****#####..###,,.#o* *,,,,,,,*
,,*,<,..........#≈≈≈#,* **,,,,<,*
,,,,**######...>#≈≈≈*,*****,,,***
,**,* #.##.#≈≈≈*,,,,,,,,,* ,,,,*
#.,..#≈≈≈*,******,** *****
***####.#≈∩≈*** *,* *
*,,,,,..#≈≈≈* *,*


You could see 2 orc wizards, 3 leopard geckos and a giant cockroach.

Vanquished Creatures
  3 orcs (D:4)
  A giant cockroach (D:4)
  4 jackals (D:5)
8 creatures vanquished.

Notes
Turn   | Place    | Note
-------+----------+-------------------------------------------
     0 | D:5      | elmdor the Minotaur Delver began the quest for the Orb.
     0 | D:5      | Reached XP level 1. HP: 19/19 MP: 0/0
   124 | D:4      | Noticed an orc wizard
   129 | D:4      | Noticed an orc wizard
   131 | D:4      | Reached XP level 2. HP: 26/26 MP: 1/1
   138 | D:4      | Slain by a leopard gecko

Illustrated notes

Levels and vault maps discovered:
D:4:      minmay_evil_eye, layout_loops_ring, minmay_temple_entry_overgrown,
          lightli_ossuary_entry_decrepit_ruins, portal_sewer_entry_f,
          serial_forest, infiniplex_forest_straight_4,
          infiniplex_forest_clump_medium, infiniplex_forest_split,
          infiniplex_forest_lined_2, infiniplex_forest_end_2,
          infiniplex_forest_clump_diagonal, corexii_item_surrounded_by_moat
D:5:      layout_basic, gammafunk_temple_overflow_pools,
          grunt_dithmenos_smoke_and_mirrors, uniq_blork_the_orc

Skill      XL: |  1 |
---------------+----+-----
Axes           | 3 |  3.6
Fighting       | |  3.6
Dodging        | |  2.1
Stealth        | |  4.1

Action                   || total
-------------------------++-------
Melee: Hand axe          ||    19
       Headbutt          ||     5
  Use: Scroll            ||     1
       Potion            ||     1
Armor: Leather armour    ||     8
Dodge: Dodged            ||    21

Table legend: (Time is in decaauts)
 A = Elapsed time spent in this place.
 B = Non-inter-level travel time spent in this place.
 C = Inter-level travel time spent in this place.
 D = Time resting spent in this place.
 E = Time spent auto-exploring this place.
 F = Levels seen in this place.
 G = Mean time per level.
                   A        B        C        D        E       F      G
               +--------+--------+--------+--------+--------+-----+--------+
         Total |    140 |    140 |      0 |      0 |     30 |   2 |   70.0 |
       Dungeon |    140 |    140 |      0 |      0 |     30 |   2 |   70.0 |
               +--------+--------+--------+--------+--------+-----+--------+

Top non-repeatable levels by time:
     D:5: 120 daAuts
     D:4: 20 daAuts
